 Dungeon Crawl Stone Soup version 0.18-a0-1572-g0a86841 (webtiles) character file.

1503 Oddball22 the Summoner (level 8, 0/61 HPs)
             Began as a Demonspawn Summoner on Mar 15, 2016.
             Was a Believer of Sif Muna.
             Slain by an orc warrior
             ... wielding a cursed +0 long sword
              (15 damage)
             ... on level 7 of the Dungeon.
             The game lasted 00:22:51 (7466 turns).

Oddball22 the Summoner (Demonspawn Summoner)        Turns: 7466, Time: 00:22:52

Health: 0/61       AC:  5    Str:  9    XL:     8   Next: 52%
Magic:  12/15      EV: 14    Int: 26    God:    Sif Muna [**....]
Gold:   407        SH:  0    Dex: 15    Spells: 4 memorised, 7 levels left

rFire  + . .     SeeInvis .     q - +1 whip (venom)
rCold  . . .     Gourm    .     v - +2 robe {rF+}
rNeg   . . .     Faith    .     (no shield)
rPois  .         Spirit   .     (helmet restricted)
rElec  .         Dismiss  .     t - +0 cloak
rCorr  .         Reflect  .     (no gloves)
SustAt .         Harm     .     (no boots)
MR     .....                    G - amulet of magic regeneration
Stlth  ++........               (no ring)
                                y - +4 ring of intelligence

@: brilliant, not resistant to hostile enchantments, unstealthy
A: antennae 2, claws 1, powered by pain 1
a: Channel Energy, Renounce Religion


You were on level 7 of the Dungeon.
You worshipped Sif Muna.
Sif Muna was pleased with you.
You were not hungry.

You visited 2 branches of the dungeon, and saw 8 of its levels.

You collected 407 gold pieces.

Inventory:

Hand Weapons
 q - a +1 whip of venom (weapon)
 u - a cursed -1 scythe
 O - a +1 dagger of flaming
Missiles
 x - 12 javelins (quivered)
 K - 2 steel javelins
Armour
 a - a +0 robe
 t - a +0 cloak (worn)
 v - a +2 robe of fire resistance (worn)
Magical Staves
 L - an uncursed staff of summoning {unknown}
Jewellery
 y - a +4 ring of intelligence (left claw)
 C - an uncursed amulet of dismissal
 G - an amulet of magic regeneration (around neck)
Wands
 I - a wand of iceblast (7/15)
Scrolls
 f - 5 scrolls of identify {unknown}
 g - a scroll of fear {unknown}
 j - 3 scrolls of enchant armour {unknown}
 l - 3 scrolls of immolation {unknown}
 m - 5 scrolls of remove curse {unknown}
 p - a scroll of teleportation {unknown}
 s - 2 scrolls of random uselessness {unknown}
 w - 2 scrolls of fog {unknown}
 B - a scroll of enchant weapon {unknown}
 E - a scroll of magic mapping {unknown}
 F - 3 scrolls of recharging {unknown}
 J - a scroll of noise {unknown}
Potions
 e - a potion of brilliance
 h - a potion of haste
 i - a potion of heal wounds {unknown}
 k - a potion of flight
 z - a potion of curing
 D - a potion of ambrosia {unknown}
 N - a potion of might {unknown}
Books
 b - a book of Callings

   Spells                             Type                      Level
   a - Summon Small Mammal            Summoning                    1
   b - Call Imp                       Summoning                    2
   c - Call Canine Familiar           Summoning                    3
   d - Summon Guardian Golem          Hexes/Summoning              3
   e - Summon Lightning Spire         Summoning/Air                4
   f - Summon Ice Beast               Ice/Summoning                4
Miscellaneous
 r - a plain deck of defence
Comestibles
 c - 4 bread rations
 n - 3 meat rations
 o - 3 beef jerkies
 A - a royal jelly
 H - 2 fruits
 M - 4 chunks of flesh


   Skills:
 - Level 4.9 Fighting
 - Level 3.8 Dodging
 - Level 1.7 Stealth
 + Level 4.7 Spellcasting
 * Level 8.1 Summonings


You had 7 spell levels left.
You knew the following spells:

 Your Spells              Type           Power        Failure   Level  Hunger
a - Summon Small Mammal   Summ           ####         1%          1    None
b - Call Imp              Summ           ######..     1%          2    None
c - Call Canine Familiar  Summ           ######..     1%          3    ##.....
d - Summon Guardian Gole  Hex/Summ       #####...     1%          3    ##.....


Dungeon Overview and Level Annotations

Branches:
Dungeon (7/15)             Temple (1/1) D:4

Altars:
Cheibriados
Dithmenos
Gozag
Kikubaaqudgha
Makhleb
Nemelex Xobeh
Okawaru
Qazlal
Ru
Sif Muna
Trog
Vehumet
Xom
Yredelemnul
Zin

Shops:
D:6 [


Innate Abilities, Weirdness & Mutations

You have a pair of antennae on your head.
You have sharp fingernails.
You sometimes gain a little power by taking damage.


Message History

Something hits your shadow imp.
Your hound barely misses something.
Your white imp gestures at the orc warrior.
The puff of frost hits the orc.
The orc dies!
Something misses your shadow imp.
Your shadow imp hits something but does no damage.
Your hound closely misses something.
Drink which item? (? for menu, Esc to quit)
It was a potion of cancellation.
You feel magically purged. Something hits your shadow imp.
Your hound closely misses something.
The orc warrior barely misses you.
Your white imp hits the orc priest but does no damage.
Drink which item? (? for menu, Esc to quit)
It was a potion of brilliance.
You feel clever all of a sudden. Something hits your shadow imp.
Your hound bites something but does no damage.
Something barely misses your shadow imp.
The orc warrior hits you with a long sword!
You die... #.# #....... #.# #....... #.# ##...#.. #.# ##.....# ......o #.# ###....#.. ....... #.# ###...##.#.. noo....

##.# ##...##......
......5 #..#
#..###.......
.......
#@####.###........
(...... #o###..#
#........
#......####o##..##
#........
#.....5....#
#........
#...5h{.{..#
#......(.
#..)..5.5..#
#........
#..........#
##.......
#..........# ....#
#..........# ####


You could see an orc warrior, an orc priest, a friendly hound, a friendly
crimson imp, a friendly white imp and a friendly shadow imp.

Vanquished Creatures
  Sigmund (D:2)
  An ice beast (D:5)
  Blork the orc (D:6)
  3 giant frogs
  Dowan (D:6)
  A scorpion (D:6)
  3 howler monkeys
  2 crimson imps (D:5)
  2 orc priests (D:7)
  A hound (D:4)
  A centaur skeleton (D:5)
  An orc wizard (D:6)
  A giant frog skeleton (D:4)
  2 iguanas (D:6)
  A hound skeleton (D:4)
  A gnoll (D:6)
  11 adders
  2 howler monkey skeletons
  An ooze (D:2)
  An adder skeleton (D:5)
  2 worms
  A giant gecko (D:2)
  16 orcs
  2 gnoll zombies (D:4)
  5 goblins
  7 hobgoblins
  4 jackals (D:3)
  5 quokkas
  2 ball pythons
  8 bats
  A giant gecko skeleton (D:4)
  A giant gecko zombie (D:5)
  4 giant newts
  A jackal skeleton (D:4)
  17 kobolds
  9 rats
123 creatures vanquished.

Vanquished Creatures (collateral kills)
  Duvessa (D:6)
  A phantom (D:7)
  A necrophage (D:6)
  2 big kobolds
  A giant frog (D:7)
  3 orc priests
  An iguana (D:4)
  An adder (D:2)
  2 gnolls (D:6)
  A shadow imp (D:6)
  A dart slug (D:1)
  2 giant geckos
  12 orcs
  A bat (D:1)
  2 giant cockroaches (D:3)
  2 goblins (D:1)
  A hobgoblin (D:3)
  4 kobolds
  A quokka zombie (D:6)
  A rat (D:3)
41 creatures vanquished.

Grand Total: 164 creatures vanquished

Notes
Turn   | Place    | Note
--------------------------------------------------------------
     0 | D:1      | Oddball22 the Demonspawn Summoner began the quest for the Orb.
     0 | D:1      | Reached XP level 1. HP: 13/13 MP: 3/3
     6 | D:1      | Noticed a lindwurm
     6 | D:1      | Noticed a salamander
     6 | D:1      | Noticed a polar bear
     6 | D:1      | Noticed a rime drake
   288 | D:1      | Reached skill level 1 in Fighting
   527 | D:1      | Gained mutation: You sometimes gain a little power by taking damage. [demonic ancestry]
   527 | D:1      | Reached XP level 2. HP: 19/21 MP: 3/5
  1349 | D:2      | Noticed Sigmund
  1354 | D:2      | Learned a level 2 spell: Call Imp
  1384 | D:3      | Found an iron altar of Okawaru.
  1405 | D:3      | Reached XP level 3. HP: 20/27 MP: 1/6
  2123 | D:3      | Found a sparkling altar of Nemelex Xobeh.
  2165 | D:3      | Reached XP level 4. HP: 10/34 MP: 5/7
  2410 | D:3      | Learned a level 3 spell: Call Canine Familiar
  2599 | D:2      | Killed Sigmund
  2599 | D:2      | Reached XP level 5. HP: 28/42 MP: 0/8
  2724 | D:2      | Found a sacrificial altar of Ru.
  2797 | D:2      | Found an opulent altar of Gozag.
  3541 | D:4      | Gained mutation: You have a pair of small antennae on your head. [demonic ancestry]
  3541 | D:4      | Reached XP level 6. HP: 45/49 MP: 9/9
  3608 | D:4      | Found a snail-covered altar of Cheibriados.
  3860 | D:4      | Learned a level 3 spell: Summon Guardian Golem
  3926 | D:4      | Found a staircase to the Ecumenical Temple.
  3940 | Temple   | Entered the Ecumenical Temple
  4009 | Temple   | Became a worshipper of Sif Muna the Loreminder
  4475 | D:4      | Found a basalt altar of Yredelemnul.
  4629 | D:5      | Entered Level 5 of the Dungeon
  4704 | D:5      | Noticed an ice beast
  4733 | D:5      | Killed an ice beast
  4733 | D:5      | Reached skill level 5 in Summonings
  4733 | D:5      | Gained mutation: You have a pair of antennae on your head. [demonic ancestry]
  4733 | D:5      | Reached XP level 7. HP: 41/55 MP: 3/11
  5074 | D:5      | Reached * piety under Sif Muna
  5108 | D:5      | Found a shimmering altar of Xom.
  5621 | D:6      | Noticed Dowan
  5622 | D:6      | Noticed Duvessa
  5743 | D:6      | Noticed Blork the orc
  5762 | D:6      | Killed Blork the orc
  5762 | D:6      | Reached skill level 6 in Summonings
  5928 | D:6      | Found Soyrr's Armour Boutique.
  6035 | D:6      | Found a stormy altar of Qazlal.
  6083 | D:6      | Killed Dowan
  6092 | D:6      | Killed Duvessa
  6448 | D:6      | Gained mutation: You have sharp fingernails. [demonic ancestry]
  6448 | D:6      | Reached XP level 8. HP: 49/61 MP: 13/13
  6617 | D:6      | Reached skill level 7 in Summonings
  6854 | D:6      | Reached ** piety under Sif Muna
  7271 | D:7      | Reached skill level 8 in Summonings
  7440 | D:7      | Found a shadowy altar of Dithmenos.
  7466 | D:7      | Slain by an orc warrior

Vault maps used:
D:1:      onia_arrival_zoo_common
D:2:      nicolae_gozag_cash_rules_everything_around_me,
          nicolae_ru_awakened_eye, uniq_sigmund
D:3:      okawaru_trees_2, nemelex_deck
D:4:      lemuel_zombie_altar_yredelemnul, nicolae_overflow_crystal_walls,
          minmay_temple_entry_steel_oval, first_bread, grunt_ministairs_15
D:5:      kennysheep_little_box
D:6:      lemuel_round_altar, serial_shops, nicolae_shop_behind_doors,
          minmay_unpleasant_kobolds, uniq_blork_the_orc, uniq_duvessa
D:7:      grunt_temple_overflow_open, uniq_menkaure
Temple:   jpeg_temple_clearing_9

Skill      XL: |  1  2  3  4  5  6  7  8 |
---------------+-------------------------+-----
Fighting       | 1 2 4 |  4.9
Dodging        | 2 3 |  3.8
Summonings     | 5 6 8 |  8.1
Spellcasting   | 3 4 |  4.7
Stealth        | |  1.7

Action                   |  1- 3 |  4- 6 |  7- 9 || total
-------------------------+-------+-------+-------++-------
Melee: Unarmed           |    24 |       |       ||    24
       Short sword       |    89 |       |       ||    89
       Whip              |    23 |   202 |   197 ||   422
       Dagger            |       |       |     1 ||     1
 Cast: Summon Small Mamm |    15 |       |       ||    15
       Call Imp          |    14 |     2 |    18 ||    34
       Call Canine Famil |       |     7 |    14 ||    21
  Use: Potion            |     2 |       |     3 ||     5
 Stab: Sleeping          |     5 |     3 |     3 ||    11
       Distracted        |     1 |     2 |     2 ||     5
  Eat: Chunk             |     5 |     9 |     9 ||    23
       Royal jelly       |       |       |     1 ||     1
